 Dungeon Crawl Stone Soup version 0.30.0-11-gf55b779eaf (webtiles) character file.

Game seed: 11359966784304120766

51002 retardedninja the Thaumaturge (level 14, 0/109 HPs)
             Began as a Gnoll Fire Elementalist on May 16, 2023.
             Was the Champion of Cheibriados.
             Slain by a skeletal warrior
             ... wielding a +0 flail
              (23 damage)
             ... on level 12 of the Dungeon.
             The game lasted 00:47:25 (32601 turns).

retardedninja the Thaumaturge (GnFE)               Turns: 32601, Time: 00:47:25

Health: 0/109      AC: 11    Str: 24    XL:     14   Next: 57%
Magic:  5/28       EV: 22    Int: 34    God:    Cheibriados [******]
Gold:   134        SH:  5    Dex: 27    Spells: 19/34 levels left

rFire   + . .        F - +0 glaive (freeze)
rCold   + . .        (shield currently unavailable)
rNeg    . . .        m - +0 steam dragon scales
rPois   +            j - +3 helmet of Agnosticism {rF+}
rElec   .            (no cloak)
rCorr   +            (no gloves)
SInv    .            (no boots)
Will    +....        C - amulet of reflection
Stlth   +++++        O - ring of wizardry
HPRegen 0.38/turn    w - ring of resist corrosion
MPRegen 0.21/turn

%: reflection, clarity, wizardry (x1)
@: studying Fire Magic, very slow
A: fangs 1, strong nose, distributed training, clarity, cold resistance 1,
poison resistance
a: Renounce Religion, Bend Time, Temporal Distortion, Slouch, Step From Time


You were on level 12 of the Dungeon.
You worshipped Cheibriados.
Cheibriados was exalted by your worship.
You visited 4 branches of the dungeon, and saw 20 of its levels.

You collected 1794 gold pieces.
You spent 1660 gold pieces at shops.

Inventory:

Hand Weapons
 r - the +5 halberd of Jineoruronk {freeze, Fly rF+ Str+6 Int-2}
   (You found it on level 3 of the Lair of Beasts)

   Str:       It affects your strength (+6).
   Int:       It affects your intelligence (-2).
   rF:        It protects you from fire.
   Fly:       It grants you flight.
 F - a +0 glaive of freezing (weapon)
Missiles
 G - a throwing net
Armour
 j - the +3 helmet of Agnosticism (worn) {rF+}
   (You found it on level 4 of the Dungeon)

   rF:        It protects you from fire.
 m - +0 steam dragon scales (worn)
Jewellery
 i - a ring of fire
 w - a ring of resist corrosion (right hand)
 C - an amulet of reflection (around neck)
 O - a ring of wizardry (left hand)
Wands
 c - a wand of paralysis (12)
 g - a wand of acid (2)
 n - a wand of flame (45)
 z - a wand of roots (7)
 E - a wand of polymorph (12)
 J - a wand of digging (3)
Scrolls
 a - 2 scrolls of identify
 b - 2 scrolls of magic mapping
 f - a scroll of amnesia
 h - 5 scrolls of teleportation
 l - 4 scrolls of fog
 s - a scroll of torment
 y - a scroll of fear
 A - a scroll of immolation
 B - 3 scrolls of poison
Potions
 d - 3 potions of cancellation
 e - a potion of lignification
 o - a potion of attraction
 p - 3 potions of berserk rage
 q - 3 potions of flight
 x - 2 potions of mutation
 L - a potion of resistance
 M - 2 potions of might
Miscellaneous
 k - a phantom mirror
 D - a phial of floods (inert)
 I - a condenser vane (inert)
 K - a lightning rod (inert)


   Skills:
 + Level 9.7 Fighting
 + Level 9.7 Short Blades
 + Level 9.7 Long Blades
 + Level 9.7 Axes
 + Level 9.7 Maces & Flails
 + Level 9.7 Polearms
 + Level 9.7 Staves
 + Level 9.7 Ranged Weapons
 + Level 9.7 Throwing
 + Level 9.7 Armour
 + Level 10.7 Dodging
 + Level 10.6 Stealth
 + Level 9.7 Shields
 + Level 9.7 Unarmed Combat
 + Level 10.9 Spellcasting
 + Level 8.4 Conjurations
 + Level 8.1 Hexes
 + Level 8.1 Summonings
 + Level 8.1 Necromancy
 + Level 8.1 Translocations
 + Level 8.1 Transmutations
 + Level 9.9 Fire Magic
 + Level 8.1 Ice Magic
 + Level 8.1 Air Magic
 + Level 8.1 Earth Magic
 + Level 8.1 Poison Magic
 + Level 10.5 Invocations
 + Level 9.7 Evocations


You had 19 spell levels left.
You knew the following spells:

 Your Spells              Type           Power      Damage    Failure   Level
a - Foxfire               Conj/Fire      100%       2x1d9     1%          1
b - Scorch                Fire           100%       2d9       1%          2
c - Flame Wave            Conj/Fire      69%        2d16      1%          4
d - Inner Flame           Hex/Fire       68%        N/A       1%          3
e - Fireball              Conj/Fire      34%        3d14      1%          5

Your spell library contained the following spells:

 Spells                   Type           Power      Damage    Failure   Level
 Apportation              Tloc           100%       N/A       1%          1
 Magic Dart               Conj           100%       1d8       1%          1
 Necrotise                Necr           100%       1d9       1%          1
 Summon Small Mammal      Summ           100%       N/A       1%          1
 Blink                    Tloc           100%       N/A       1%          2
 Ensorcelled Hibernation  Hex/Ice        100%       N/A       1%          2
 Searing Ray              Conj           100%       2d8       1%          2
 Spider Form              Tmut/Pois      65%        N/A       1%          3
 Volatile Blastmotes      Fire/Tloc      100%       2d18      1%          3
 Anguish                  Hex/Necr       32%        N/A       1%          4
 Fulminant Prism          Conj/Hex       33%        3d16      1%          4
 Manifold Assault         Tloc           65%        N/A       1%          4
 Alistair's Intoxication  Tmut/Pois      43%        N/A       1%          5
 Borgnjor's Vile Clutch   Necr/Erth      32%        N/A       1%          5
 Iskenderun's Battlesphe  Conj           66%        2d12      1%          5
 Yara's Violent Unravell  Hex/Tmut       32%        3d13      1%          5
 Conjure Ball Lightning   Conj/Air       33%        3x3d11    4%          6
 Iron Shot                Conj/Erth      33%        9d7       4%          6
 Eringya's Noxious Bog    Tmut/Pois      32%        N/A       5%          6
 Orb of Destruction       Conj           33%        9d10      26%         7
 Spellforged Servitor     Conj/Summ      33%        N/A       26%         7
 Enfeeble                 Hex            32%        N/A       28%         7
 Storm Form               Tmut/Air       32%        N/A       28%         7


Dungeon Overview and Level Annotations

Branches:
Dungeon (12/15)            Temple (1/1) D:5            Lair (5/5) D:9
  Swamp (0/4) Lair:3       Spider (0/4) Lair:3        Slime (0/5) Lair:5
    Orc (2/2) D:11            Elf (0/3) Orc:2

Altars:
Ashenzari
Cheibriados
Dithmenos
Elyvilon
Fedhas
Gozag
Hepliaklqana
Kikubaaqudgha
Makhleb
Nemelex Xobeh
Okawaru
Qazlal
Ru
Sif Muna
Trog
Uskayaw
Vehumet
Wu Jian
Xom
Yredelemnul
Zin
The Shining One

Shops:
D:3 [   D:5 *   Orc:2 =::*

Annotations:
D:10 2 runed translucent doors, Darkkill's ghost, novice MiHu
Lair:1 1 exclusion
Lair:4 1 runed translucent door, Juirae's ghost, journeyman TrMo


Innate Abilities, Weirdness & Mutations

You have very sharp teeth.
Your uncanny sense of smell can sniff out nearby items.
Your experience applies equally to all skills.
You possess an exceptional clarity of mind.
Your flesh is cold resistant. (rC+)
Your system is resistant to poisons. (rPois)


Message History

Confirm with . or Enter, or press ? or * to list all spells.
You don't have enough magic to cast this spell.
Unknown command.
The skeletal warrior completely misses you.
Unknown command.
Aiming: Thunderbolt
Press: ? - help, Q - select action, (/) - cycle Shift-Dir - straight line, f - skeletal warrior
Aim: a skeletal warrior, wielding a +0 flail (heavily damaged)
The thunderbolt hits the skeletal warrior but does no damage.
The skeletal warrior is heavily damaged.
The thunderbolt hits the skeletal warrior!!
The skeletal warrior is severely damaged.
The lightning rod overheats!
The skeletal warrior hits you with a +0 flail!
Unknown command.
The skeletal warrior attacks as you move away!
The skeletal warrior misses you.
The skeletal warrior hits you with a +0 flail.
The skeletal warrior attacks as you move away!
The skeletal warrior hits you with a +0 flail!!
* * * LOW HITPOINT WARNING * * *
You block the skeletal warrior's attack.
Aiming: Corrosive Bolt
Press: ? - help, Q - select action, (/) - cycle Shift-Dir - straight line, f/p - skeletal warrior
Aim: a skeletal warrior, wielding a +0 flail (heavily damaged, 74% to hit)
The bolt of acid hits the skeletal warrior!!
The skeletal warrior is severely damaged.
The bolt of acid hits the skeletal warrior!!
The skeletal warrior is almost destroyed.
You block the skeletal warrior's attack.
Unknown command.
Aiming: Corrosive Bolt
Press: ? - help, Q - select action, (/) - cycle Shift-Dir - straight line, f/p - skeletal warrior
Aim: a skeletal warrior, wielding a +0 flail (severely damaged, 74% to hit)
The bolt of acid misses the skeletal warrior.
The bolt of acid hits the skeletal warrior!
You destroy the skeletal warrior!
Cheibriados thoroughly appreciates the change of pace.
The skeletal warrior hits you with a +0 flail!!
You die...

#.....#
#.....#
#####.....#
#...'.....#
#.###)....#
#.# #######
#.#
#.##########
#.@z))......
############


You could see a skeletal warrior.

Vanquished Creatures
  Josephine (Orc:2)
  Erolcha (Orc:2)
  3 hydras
  A centaur warrior (Orc:2)
  4 two-headed ogres (D:10)
  3 boulder beetles
  3 skysharks
  4 skeletal warriors (D:12)
  6 orc knights
  A manticore (D:11)
  3 cyclopes
  3 elephants (Lair:3)
  3 black mambas
  A torpor snail (Lair:2)
  5 cane toads
  An unseen horror (D:11)
  A gargoyle (D:12)
  A kobold demonologist (D:10)
  10 komodo dragons
  2 rime drakes (Lair:3)
  3 trolls
  5 hornets
  5 polar bears (Lair:5)
  5 blink frogs (Lair:2)
  2 dream sheep (Lair:5)
  14 spriggans (Lair:5)
  2 shadows
  6 wraiths
  3 basilisks
  5 wyverns
  36 yaks
  4 vampire mosquitoes (D:10)
  A warg (Orc:1)
  3 steam dragons
  13 water moccasins
  7 black bears
  4 sky beasts
  29 orc warriors
  An ice beast (D:5)
  2 ogres
  4 boggarts (Lair:5)
  18 centaurs
  A phantom (D:7)
  26 wolves
  16 kobold brigands
  7 bullfrogs
  8 scorpions
  2 two-headed ogre simulacra (Orc:1)
  A cane toad simulacrum (Orc:1)
  4 wights (D:9)
  7 electric eels
  2 lava snakes (D:8)
  5 howler monkeys
  A gnoll bouda (D:7)
  4 jellies
  14 orc priests
  4 hounds
  2 sleepcaps
  Natasha (thrice) (D:4)
  3 iguanas
  20 orc wizards
  4 troll simulacra (Orc:1)
  Robin (D:4)
  13 gnolls
  A naga simulacrum (Orc:1)
  7 adders
  A shadow imp (D:5)
  2 worms (Lair:3)
  A dart slug (D:1)
  74 orcs
  4 ball pythons
  An endoplasm (D:4)
  5 giant cockroaches
  17 goblins
  8 hobgoblins
  23 kobolds
  5 quokkas
  11 bats
  A frilled lizard (D:1)
  3 rats
541 creatures vanquished.

Vanquished Creatures (collateral kills)
  11 foxfires
11 creatures vanquished.

Vanquished Creatures (others)
  1684 foxfires
1684 creatures vanquished.

Grand Total: 2236 creatures vanquished

Notes
Turn   | Place    | Note
-------+----------+-------------------------------------------
     0 | D:1      | retardedninja the Gnoll Fire Elementalist began the quest
                  | for the Orb.
     0 | D:1      | Reached XP level 1. HP: 13/13 MP: 6/6
   111 | D:1      | Reached XP level 2. HP: 19/19 MP: 3/7
  1321 | D:2      | You fall into a shaft and drop 2 floors!
  1328 | D:4      | Identified the +3 helmet of Agnosticism {rF+}
  1341 | D:4      | Found a shadowy altar of Dithmenos.
  1381 | D:4      | Reached skill level 5 in Spellcasting
  1381 | D:4      | Reached skill level 1 in Invocations
  1381 | D:4      | Reached XP level 3. HP: 13/25 MP: 7/9
  1415 | D:4      | Reached skill level 1 in Fighting
  1415 | D:4      | Reached skill level 1 in Short Blades
  1415 | D:4      | Reached skill level 1 in Long Blades
  1415 | D:4      | Reached skill level 1 in Axes
  1415 | D:4      | Reached skill level 1 in Maces & Flails
  1415 | D:4      | Reached skill level 1 in Polearms
  1415 | D:4      | Reached skill level 1 in Staves
  1415 | D:4      | Reached skill level 1 in Ranged Weapons
  1415 | D:4      | Reached skill level 1 in Throwing
  1415 | D:4      | Reached skill level 1 in Armour
  1415 | D:4      | Reached skill level 1 in Shields
  1415 | D:4      | Reached skill level 1 in Unarmed Combat
  1415 | D:4      | Reached skill level 1 in Evocations
  1440 | D:4      | Reached XP level 4. HP: 32/32 MP: 8/11
  1496 | D:4      | Noticed Natasha
  1503 | D:4      | Killed Natasha
  1504 | D:4      | Reached skill level 1 in Hexes
  1504 | D:4      | Reached skill level 1 in Summonings
  1504 | D:4      | Reached skill level 1 in Necromancy
  1504 | D:4      | Reached skill level 1 in Translocations
  1504 | D:4      | Reached skill level 1 in Transmutations
  1504 | D:4      | Reached skill level 1 in Ice Magic
  1504 | D:4      | Reached skill level 1 in Air Magic
  1504 | D:4      | Reached skill level 1 in Earth Magic
  1504 | D:4      | Reached skill level 1 in Poison Magic
  1572 | D:4      | Noticed Natasha
  1578 | D:4      | Killed Natasha
  1579 | D:4      | Reached XP level 5. HP: 37/37 MP: 8/12
  1648 | D:4      | Learned a level 2 spell: Scorch
  1782 | D:4      | Noticed Natasha
  1788 | D:4      | Killed Natasha
  1901 | D:4      | Gained mutation: You possess an exceptional clarity of
                  | mind. [potion of mutation]
  1901 | D:4      | Gained mutation: Your system is resistant to poisons.
                  | (rPois) [potion of mutation]
  1901 | D:4      | Gained mutation: Your flesh is cold resistant. (rC+)
                  | [potion of mutation]
  1902 | D:4      | HP: 1/55 [gnoll/+0 whip (2)]
  2316 | D:3      | Reached XP level 6. HP: 44/44 MP: 6/13
  2560 | D:3      | Found a broken altar of Ashenzari.
  2604 | D:3      | Found a hide-covered altar of Uskayaw.
  2653 | D:2      | Found a shimmering altar of Xom.
  2653 | D:2      | Found a faded altar of an unknown god.
  2769 | D:2      | Reached skill level 5 in Dodging
  3403 | D:3      | Found Hixzack's Antique Armour Boutique.
  3894 | D:4      | Noticed Robin
  4399 | D:4      | Killed Robin
  4552 | D:5      | Entered Level 5 of the Dungeon
  4691 | D:5      | Reached XP level 7. HP: 42/50 MP: 9/15
  4883 | D:5      | Reached skill level 5 in Stealth
  5322 | D:5      | Reached XP level 8. HP: 58/58 MP: 9/16
  5420 | D:5      | Found a staircase to the Ecumenical Temple.
  5433 | Temple   | Entered the Ecumenical Temple
  5593 | Temple   | Became a worshipper of Cheibriados the Contemplative
  5759 | D:5      | Found Sireageff's General Store.
  6590 | D:6      | Reached * piety under Cheibriados
  6952 | D:6      | Found an ornate altar of the Wu Jian Council.
  7218 | D:6      | Reached ** piety under Cheibriados
  7382 | D:6      | Reached XP level 9. HP: 63/65 MP: 18/18
  7642 | D:6      | Learned a level 4 spell: Flame Wave
  7646 | D:6      | Learned a level 3 spell: Inner Flame
  8247 | D:7      | Reached skill level 5 in Invocations
  8836 | D:7      | Found the +5 Force Lance {heavy, knockback}
  9145 | D:8      | Reached *** piety under Cheibriados
  9658 | D:8      | Reached skill level 5 in Fighting
  9658 | D:8      | Reached skill level 5 in Short Blades
  9658 | D:8      | Reached skill level 5 in Long Blades
  9658 | D:8      | Reached skill level 5 in Axes
  9658 | D:8      | Reached skill level 5 in Maces & Flails
  9658 | D:8      | Reached skill level 5 in Polearms
  9658 | D:8      | Reached skill level 5 in Staves
  9658 | D:8      | Reached skill level 5 in Ranged Weapons
  9658 | D:8      | Reached skill level 5 in Throwing
  9658 | D:8      | Reached skill level 5 in Armour
  9658 | D:8      | Reached skill level 5 in Shields
  9658 | D:8      | Reached skill level 5 in Unarmed Combat
  9658 | D:8      | Reached skill level 5 in Evocations
  9658 | D:8      | Reached XP level 10. HP: 74/74 MP: 8/20
 10217 | D:9      | Reached skill level 5 in Conjurations
 11400 | D:9      | Reached **** piety under Cheibriados
 11577 | D:9      | Found a staircase to the Lair.
 11598 | D:9      | Reached skill level 5 in Hexes
 11598 | D:9      | Reached skill level 5 in Summonings
 11598 | D:9      | Reached skill level 5 in Necromancy
 11598 | D:9      | Reached skill level 5 in Translocations
 11598 | D:9      | Reached skill level 5 in Transmutations
 11598 | D:9      | Reached skill level 5 in Ice Magic
 11598 | D:9      | Reached skill level 5 in Air Magic
 11598 | D:9      | Reached skill level 5 in Earth Magic
 11598 | D:9      | Reached skill level 5 in Poison Magic
 11600 | D:9      | Reached XP level 11. HP: 39/81 MP: 7/22
 12472 | Lair:1   | Entered Level 1 of the Lair of Beasts
 13516 | Lair:1   | Noticed an ice dragon
 14027 | Lair:2   | Reached ***** piety under Cheibriados
 14850 | Lair:2   | You fall into a shaft and drop 1 floor!
 15390 | Lair:3   | Reached XP level 12. HP: 81/91 MP: 17/24
 16067 | Lair:3   | Noticed a skyshark
 16072 | Lair:3   | Killed a skyshark
 16319 | Lair:3   | Found a staircase to the Swamp.
 16544 | Lair:3   | Identified the +5 halberd of Jineoruronk {freeze, Fly rF+
                  | Str+6 Int-2}
 16679 | Lair:3   | Found a hole to the Spider Nest.
 17505 | Lair:4   | Noticed a five-headed hydra
 17521 | Lair:4   | Noticed a skyshark
 17525 | Lair:4   | Killed a five-headed hydra
 17534 | Lair:4   | Killed a skyshark
 17806 | Lair:4   | Noticed Juirae's ghost (journeyman TrMo)
 17928 | Lair:4   | Found a runed translucent door.
 18270 | Lair:5   | Entered Level 5 of the Lair of Beasts
 18322 | Lair:5   | Noticed a skyshark
 18330 | Lair:5   | Noticed a boulder beetle
 18343 | Lair:5   | Killed a boulder beetle
 18352 | Lair:5   | Noticed a six-headed hydra
 18776 | Lair:5   | Reached XP level 13. HP: 74/98 MP: 17/26
 18781 | Lair:5   | Reached ****** piety under Cheibriados
 20311 | Lair:5   | Reached skill level 10 in Spellcasting
 21676 | Lair:5   | Found a staircase to the Slime Pits.
 22069 | D:10     | Entered Level 10 of the Dungeon
 22668 | D:10     | Reached skill level 10 in Dodging
 23031 | D:10     | Noticed Darkkill's ghost (novice MiHu)
 23031 | D:10     | Noticed a lich
 23033 | D:10     | Noticed a yaktaur captain
 23128 | D:10     | Found a runed translucent door.
 23323 | D:10     | Found a runed translucent door.
 23518 | D:10     | Identified the +0 scale mail "Quedd" {rF+ Int+3 Dex-3}
 24300 | D:11     | Reached skill level 10 in Stealth
 25049 | D:11     | Reached skill level 10 in Invocations
 25049 | D:11     | Reached XP level 14. HP: 68/108 MP: 8/28
 25576 | D:11     | Found a staircase to the Orcish Mines.
 26323 | Orc:1    | Entered Level 1 of the Orcish Mines
 26463 | Orc:1    | Found a frozen archway.
 26967 | Orc:2    | Entered Level 2 of the Orcish Mines
 28730 | Orc:2    | Noticed Josephine
 28741 | Orc:2    | Killed Josephine
 28777 | Orc:2    | HP: 5/108 [orc warrior/bolt (14)]
 28784 | Orc:2    | HP: 3/108 [warg (6)]
 30762 | Orc:2    | Found a staircase to the Elven Halls.
 31592 | Orc:2    | Noticed Erolcha
 31603 | Orc:2    | Killed Erolcha
 31728 | Orc:2    | Found Aveist's Book Boutique.
 31728 | Orc:2    | Found Sala's Book Shoppe.
 31731 | Orc:2    | Found Yggoow's Jewellery Emporium.
 31733 | Orc:2    | Found Irawunav's Assorted Antiques.
 31739 | Orc:2    | Bought a book of the Spheres for 540 gold pieces
 31740 | Orc:2    | Bought a manual of Fire Magic for 1120 gold pieces
 31746 | Orc:2    | Learned a level 5 spell: Fireball
 32601 | D:12     | Slain by a skeletal warrior

Illustrated notes

Levels and vault maps discovered:
D:1:      heliophobic_arrival_glass_houses, layout_loops_ring
D:2:      layout_rooms, ebering_ecumenical_altar_webs, basic_altar
D:3:      layout_rooms, mainiacjoe_overflow_catwalk_spiral, serial_shops, shop
D:4:      layout_basic, mainiacjoe_overflow_tiny_flanked, uniq_natasha,
          uniq_robin
D:5:      layout_basic, minmay_temple_entry_water_ring, gup_sewer_entry_glass,
          serial_shops, shop
D:6:      layout_basic, pdpol_wu_jian_five_deadly_venoms
D:7:      layout_rooms
D:8:      layout_loops_cross, grunt_decor_junction
D:9:      layout_loops_ring, minmay_lair_entry_grove
D:10:     layout_basic, special_room [special_room_kobold],
          muffindrake_ghost_dual_entry
D:11:     layout_small_grid, david_orc_2
D:12:     layout_basic
Temple:   regret_index_temple_mists
Lair:1:   dragon1_lemuel, layout_chaotic_city, serial_bayou_lake_a
Lair:2:   layout_loops_ring, st_stairs_12, chequers_serial_rivers_micro_c,
          grunt_megastairs_3, lemuel_fruit_tree
Lair:3:   layout_concentric_octagons, swamp_mist_pool,
          nicolae_spider_entry_non_spiders, roderic_batcave, grunt_megastairs_4
Lair:4:   layout_big_grid, hellmonk_ghost_happy_afterlife
Lair:5:   minmay_lair_end_enchanted_forest, layout_concentric_octagons,
          dpeg_slime_entry_corner, lemuel_fruit_fields,
          infiniplex_staircase_pool_2, lemuel_fruit_fields, serial_bayou_shore_b
Orc:1:    layout_diamond_mine, portal_ice_cave_entry_ice_simulacra
Orc:2:    st_orc_rangers, layout_caves, uniq_josephine, uniq_erolcha

Skill      XL: |  1  2  3  4  5  6  7  8  9 10 11 12 13 14 |
---------------+-------------------------------------------+-----
Conjurations   | 2 3 4 5 6 7 8 |  8.4
Spellcasting   | 5 6 7 8 9 10 | 10.9
Invocations    | 1 2 3 4 5 6 7 8 10 | 10.5
Fighting       | 1 2 3 5 6 7 8 9 |  9.7
Short Blades   | 1 2 3 5 6 7 8 9 |  9.7
Long Blades    | 1 2 3 5 6 7 8 9 |  9.7
Axes           | 1 2 3 5 6 7 8 9 |  9.7
Maces & Flails | 1 2 3 5 6 7 8 9 |  9.7
Polearms       | 1 2 3 5 6 7 8 9 |  9.7
Staves         | 1 2 3 5 6 7 8 9 |  9.7
Ranged Weapons | 1 2 3 5 6 7 8 9 |  9.7
Throwing       | 1 2 3 5 6 7 8 9 |  9.7
Armour         | 1 2 3 5 6 7 8 9 |  9.7
Shields        | 1 2 3 5 6 7 8 9 |  9.7
Unarmed Combat | 1 2 3 5 6 7 8 9 |  9.7
Evocations     | 1 2 3 5 6 7 8 9 |  9.7
Hexes          | 1 2 3 4 5 6 7 8 |  8.1
Summonings     | 1 2 3 4 5 6 7 8 |  8.1
Necromancy     | 1 2 3 4 5 6 7 8 |  8.1
Translocations | 1 2 3 4 5 6 7 8 |  8.1
Transmutations | 1 2 3 4 5 6 7 8 |  8.1
Ice Magic      | 1 2 3 4 5 6 7 8 |  8.1
Air Magic      | 1 2 3 4 5 6 7 8 |  8.1
Earth Magic    | 1 2 3 4 5 6 7 8 |  8.1
Poison Magic   | 1 2 3 4 5 6 7 8 |  8.1
Dodging        | 5 6 7 8 9 10 | 10.7
Stealth        | 5 6 7 8 9 10 | 10.6
Fire Magic     | 6 7 8 9 |  9.9

Action                     |  1- 3 |  4- 6 |  7- 9 | 10-12 | 13-15 || total
---------------------------+-------+-------+-------+-------+-------++-------
  Melee: Unarmed           |       |     2 |       |       |       ||     2
         Trident           |       |     1 |     3 |       |       ||     4
         Battleaxe         |       |       |    17 |       |       ||    17
         Bite              |       |       |     2 |     9 |     5 ||    16
         Glaive            |       |       |       |    63 |    51 ||   114
   Cast: Foxfire           |    58 |   114 |   238 |   188 |   385 ||   983
         Scorch            |       |    29 |    53 |   112 |   148 ||   342
         Flame Wave        |       |       |     2 |    40 |    51 ||    93
         Fireball          |       |       |       |       |     1 ||     1
  Evoke: Wand              |       |     7 |     9 |    21 |    17 ||    54
         Lightning rod     |       |       |       |     8 |     7 ||    15
         Phantom mirror    |       |       |       |       |     2 ||     2
         Phial of floods   |       |       |       |       |     1 ||     1
         Condenser vane    |       |       |       |       |     1 ||     1
    Use: Potion            |     1 |     6 |     2 |     2 |     7 ||    18
         Scroll            |       |       |    13 |    13 |     9 ||    35
   Stab: Sleeping          |       |       |     1 |       |       ||     1
         Invisible         |       |       |     1 |       |       ||     1
 Armour: Robe              |     3 |    28 |    37 |       |       ||    68
         Skin              |       |    10 |       |       |       ||    10
         Steam dragon scal |       |       |     1 |    91 |   102 ||   194
  Dodge: Dodged            |    12 |    74 |   222 |   553 |   712 ||  1573
  Block: Other             |       |       |       |       |    97 ||    97
         Reflection        |       |       |       |       |    37 ||    37
